 Dungeon Crawl Stone Soup version 0.21.1-1-g345015f (webtiles) character file.

46 troglodite the Skirmisher (level 3, -3/43 HPs)
             Began as a Demonspawn Berserker on Feb 26, 2018.
             Was a Believer of Trog.
             Slain by an adder (4 damage)
             ... on level 2 of the Dungeon.
             The game lasted 00:02:48 (857 turns).

troglodite the Skirmisher (Demonspawn Berserker)     Turns: 857, Time: 00:02:49

Health: -3/43      AC:  2    Str: 22    XL:     3   Next: 44%
Magic:  12/12      EV: 12    Int:  8    God:    Trog [**....]
Gold:   32         SH:  0    Dex: 13    Spells: 2/2 levels left

rFire    . . .     SeeInvis .   a - +0 falchion
rCold    . . .     Gourm    .   (no shield)
rNeg     . . .     Faith    .   b - +0 animal skin
rPois    .         Spirit   .   (no helmet)
rElec    .         Reflect  .   (no cloak)
rCorr    .         Harm     .   (no gloves)
MR       .....                  (no boots)
Stlth    ..........             (no amulet)
HPRegen  0.14/turn              k - ring of magical power
MPRegen  0.13/turn              (no ring)

@: berserking, lethally poisoned (-3 -> -4), very quick
A: nightstalker 1
a: Berserk, Trog's Hand, Burn Spellbooks, Renounce Religion


You were on level 2 of the Dungeon.
You worshipped Trog.
Trog was pleased with you.
You were very hungry.

You visited 1 branch of the dungeon, and saw 2 of its levels.

You collected 32 gold pieces.

Inventory:

Hand Weapons
 a - a +0 falchion (weapon)
 f - a +0 hunting sling
Missiles
 h - 10 sling bullets
Armour
 b - a +0 animal skin (worn)
Jewellery
 k - a ring of magical power (left hand)
Scrolls
 e - a scroll of noise {unknown}
 j - a scroll of teleportation {unknown}
Potions
 g - a potion of degeneration {unknown}
 i - a potion of heal wounds {unknown}
 l - a potion of flight {unknown}
 m - a potion of curing {unknown}
Comestibles
 c - a ration
 d - 3 chunks of flesh


   Skills:
 * Level 3.6 Fighting
 + Level 3.1 Long Blades
 * Level 0.2 Slings
 * Level 2.1 Armour
 * Level 2.0 Dodging
 * Level 0.3 Stealth


You had 2 spell levels left.
You didn't know any spells.

Dungeon Overview and Level Annotations

Branches:
Dungeon (2/15)

Altars:


Innate Abilities, Weirdness & Mutations

You are slightly more attuned to the shadows.


Message History

The jackal barks!
The adder hisses angrily.
You hear a shout! x2
The adder bites you.
* * * LOW HITPOINT WARNING * * *
The rat barely misses you.
You riposte.
You slash the rat!
You kill the rat!
Trog accepts your kill. The rat misses you.
You riposte.
You barely miss the rat. The adder bites you.
* * * LOW HITPOINT WARNING * * *
A red film seems to cover your vision as you go berserk!
You feel yourself moving faster!
You feel mighty!
You are feeling very hungry.
The adder closely misses you.
You riposte.
You completely miss the adder.
The adder is moderately wounded.
The rat bites you.
* * * LOW HITPOINT WARNING * * *
You closely miss the adder.
The adder is moderately wounded.
* * * LOW HITPOINT WARNING * * *
You feel sick. The adder bites you.
You die...

.#
#.##.......
.#
#.##.##.#
#.......#
####...##
###.#
######.####
#.........#
#[##.#S##.#
#.#@# # .
#)r..... #.
..S...#. #
..h....#
..!.....#
#).....#.#
#.#....#.#


You could see 2 adders, a jackal and a rat.

Vanquished Creatures
  An ooze (D:2)
  3 dart slugs (D:1)
  2 leopard geckos (D:1)
  2 bats (D:1)
  A giant cockroach (D:1)
  3 goblins (D:1)
  5 hobgoblins
  2 jackals (D:1)
  2 kobolds (D:1)
  6 frilled lizards
  5 rats
32 creatures vanquished.

Notes
Turn   | Place    | Note
-------+----------+-------------------------------------------
     0 | D:1      | troglodite the Demonspawn Berserker began the quest for the Orb.
     0 | D:1      | Reached XP level 1. HP: 18/18 MP: 1/1
    59 | D:1      | Gained mutation: You are slightly more attuned to the shadows. [demonic ancestry]
    59 | D:1      | Reached XP level 2. HP: 22/24 MP: 2/2
   393 | D:1      | Reached ** piety under Trog
   471 | D:1      | Reached XP level 3. HP: 27/29 MP: 3/3
   856 | D:2      | HP: 2/43 [rat (2)]
   857 | D:2      | Slain by an adder

Skill      XL: |  1  2 |
---------------+-------+-----
Armour         | 2 |  2.1
Dodging        | 2 |  2.0
Long Blades    | 3 |  3.1
Fighting       | |  3.6
Slings         | |  0.2
Stealth        | |  0.3

Action                   || total
-------------------------++-------
Melee: Falchion          ||    90
Invok: Berserk           ||     1
 Stab: Sleeping          ||     2
Armor: Animal skin       ||    15
Dodge: Dodged            ||    64
       Rpst.: Falchion   ||    23
